AoeStats
← Dong Quixote

Yucatan

510905767Analyzed
3v3 RM · 12h ago on Oct 3, 2026· 55m 38s· 6 players
Game mode
Random Map
Map size
Normal (6 player)
Population
200
Speed
Normal
Resources
Standard
Victory
Conquest
Starting age
Dark Age
Ending age
Imperial Age
RankedLock teamsTeams togetherTeam positionsShared explorationLock speedFull tech treeHidden civsTurbo modeCheats
Victory
Defeat
898
+17
🇦🇷 Franks · Argentina
863
+19
🇺🇸 Varangians · United States
847
+19
🇺🇸 Tatars · United States
961
-19
🇺🇸 Danes · United States
930
-19
🇺🇸 Britons · United States
884
-17
DryDOM511
5:43 Loom
11:59 Feudal Age
13:48 Bloodlines
17:01 Forging
21:57 Castle Age
23:01 Light Cavalry
23:49 Scale Barding Armor
28:12 Horse Collar
33:16 Wheelbarrow
33:20 Heavy Plow
32:47 Vendel Legacy
34:26 Double-Bit Axe
39:14 Imperial Age
37:17 Bow Saw
38:19 Hand Cart
38:37 Husbandry
40:02 Chain Barding Armor
40:17 Iron Casting
41:05 Conscription
40:08 Cavalier
40:43 Gold Mining
41:50 Elite Jarl
42:24 Gambesons
43:20 Caravan
44:42 Plate Barding Armor
46:29 Blast Furnace
52:45 Town Watch
SentientSloppyHumanMeatBag [Bot]
4:09 Loom
10:44 Feudal Age
11:13 Double-Bit Axe
12:07 Wheelbarrow
11:14 Horse Collar
11:28 Gold Mining
11:29 Stone Mining
13:16 Forging
15:17 Scale Mail Armor
15:25 Scale Barding Armor
15:37 Bloodlines
21:31 Castle Age
22:02 Fletching
22:32 Chain Barding Armor
25:18 Husbandry
25:42 Town Watch
26:34 Bow Saw
26:52 Scale Mail Armor
27:24 Heavy Plow
27:47 Ballistics
29:42 Masonry
30:54 Iron Casting
31:29 Stone Shaft Mining
31:33 Grand Trunk Road
32:25 Squires
32:10 Arson
33:08 Bodkin Arrow
33:47 Murder Holes
35:13 Hand Cart
36:23 Gold Shaft Mining
39:28 Imperial Age
38:04 Town Patrol
37:57 Guard Tower
38:17 Fortified Wall
39:06 Chain Mail Armor
41:09 Two-Man Saw
41:18 Chemistry
41:17 Siege Engineers
41:17 Padded Archer Armor
42:20 Bracer
43:21 Blast Furnace
43:38 Plate Barding Armor
43:31 Leather Archer Armor
43:43 Heavy Camel Rider
46:11 Conscription
46:26 Hoardings
47:39 Imperial Camel Rider
52:33 Elite Ghulam
54:04 Shatagni
jhonzx11
12:53 Feudal Age
17:27 Double-Bit Axe
19:47 Castle Age
23:50 Wheelbarrow
24:28 Gold Mining
30:43 Gold Shaft Mining
30:31 Hand Cart
30:32 Bow Saw
33:47 Imperial Age
32:04 Forging
31:59 Scale Barding Armor
34:17 Iron Casting
34:03 Chain Barding Armor
34:50 Conscription
33:51 Cavalier
34:36 Husbandry
35:44 Chemistry
36:29 Blast Furnace
35:14 Paladin
36:30 Loom
37:28 Plate Barding Armor
37:23 Ballistics
37:13 Fortified Wall
37:43 Stone Mining
38:30 Heavy Scorpion
39:47 Chivalry
53:18 Scale Mail Armor
53:18 Padded Archer Armor
53:09 Fletching
ConcernedSauce
10:21 Loom
12:07 Feudal Age
17:58 Castle Age
17:28 Double-Bit Axe
17:24 Horse Collar
21:09 Heavy Plow
25:43 Bow Saw
27:55 Scale Barding Armor
28:48 Wheelbarrow
29:38 Chain Barding Armor
32:31 Hand Cart
33:33 Fletching
33:44 Padded Archer Armor
36:56 Imperial Age
35:40 Ballistics
36:16 Bloodlines
36:07 Husbandry
38:05 Leather Archer Armor
37:45 Bodkin Arrow
37:22 Heavy Cavalry Archer
38:42 Plate Barding Armor
39:25 Ring Archer Armor
39:52 Conscription
39:46 Bracer
39:45 Gold Mining
39:36 Heavy Camel Rider
40:37 Town Watch
Dong Quixote
5:57 Loom
14:10 Feudal Age
18:27 Arson
21:42 Castle Age
19:44 Gold Mining
19:45 Double-Bit Axe
19:54 Stone Mining
20:24 Bloodlines
19:44 Man-at-Arms
20:34 Scale Mail Armor
28:46 Stone Shaft Mining
29:44 Horse Collar
30:46 Wheelbarrow
30:54 Squires
30:42 Gambesons
30:46 Pikeman
33:20 Hamask
35:08 Chain Mail Armor
35:07 Forging
39:02 Iron Casting
39:57 Fletching
42:57 Imperial Age
40:53 Redemption
42:02 Bodkin Arrow
42:31 Ballistics
43:29 Hand Cart
43:00 Town Watch
43:32 Halberdier
44:37 Conscription
45:56 Blast Furnace
45:27 Plate Mail Armor
47:34 Bracer
47:16 Elite Jomsviking
48:45 Gold Shaft Mining
48:16 Town Patrol
49:20 Chemistry
52:53 Block Printing
CornPopOfficial
10:02 Loom
12:51 Feudal Age
17:50 Castle Age
15:51 Double-Bit Axe
19:15 Wheelbarrow
22:01 Squires
22:27 Pikeman
26:56 Bow Saw
28:09 Horse Collar
29:09 Heavy Plow
40:21 Imperial Age
40:12 Fletching
41:27 Conscription
40:41 Elite Longbowman
41:24 Bodkin Arrow
42:34 Halberdier
43:34 Forging
43:48 Bracer
44:00 Padded Archer Armor
49:37 Scale Mail Armor
49:56 Leather Archer Armor
51:55 Cavalier
54:55 Yeomen
Connection lost

Rejoining the realm…

Still unreachable

The connection could not be restored.

Session expired

The server has moved on; the page needs a fresh start.